 Dungeon Crawl Stone Soup version 0.28-a0-1382-g92835e5 (webtiles) character file.

Game seed: 8180283362070163867

17 Dorkslayer the Skirmisher (level 2, 0/21 HPs)
             Began as an Octopode Fighter on Jan 1, 2022.
             Frozen to death by an endoplasm (2 damage)
             ... on level 1 of the Dungeon.
             The game lasted 00:00:47 (210 turns).

Dorkslayer the Skirmisher (Octopode Fighter)         Turns: 210, Time: 00:00:47

Health: 0/21       AC:  1    Str: 15    XL:     2   Next: 62%
Magic:  2/2        EV: 13    Int: 10    God:
Gold:   0          SH:  4    Dex: 11    Spells: 1/1 levels left

rFire   . . .      SeeInvis .   a - +0 long sword
rCold   . . .      Faith    .   b - +0 buckler
rNeg    . . .      Spirit   .   (helmet restricted)
rPois   .          Reflect  .   (no amulet)
rElec   .          Harm     .   (no ring)
rCorr   .          Rampage  .   (no ring)
Will    .....                   (no ring)
Stlth   ++........              (no ring)
HPRegen 0.07/turn               (no ring)
MPRegen 0.08/turn               (no ring)
                                (no ring)
                                (no ring)

@: no status effects
A: almost no armour, amphibious, 8 rings, camouflage 1, gelatinous body 1,
(nimble swimmer 1), tentacles
a: no special abilities


You were on level 1 of the Dungeon.
You visited 1 branch of the dungeon, and saw 1 of its levels.

Inventory:

Hand Weapons
 a - a +0 long sword (weapon)
Armour
 b - a +0 buckler (worn)
Scrolls
 d - a scroll of torment {unknown}
Potions
 c - a potion of might


   Skills:
 + Level 3.2 Fighting
 + Level 2.2 Long Blades
 + Level 3.2 Dodging
 + Level 3.2 Shields


You had one spell level left.
You didn't know any spells.
Your spell library was empty.

Dungeon Overview and Level Annotations

Branches:
Dungeon (1/15)

Altars:

Shops:
D:1 (


Innate Abilities, Weirdness & Mutations

You cannot wear most types of armour.
You are amphibious.
You can wear up to eight rings at the same time.
Your skin changes colour to match your surroundings (Stealth+).
Your rubbery body absorbs attacks. (AC +1, EV +1)
((You are camouflaged when in or above water. (Stealth+)))
You have tentacles for arms and can constrict up to eight enemies at once.


Message History

You barely miss the endoplasm. Your squeeze misses the endoplasm.
The endoplasm is severely wounded.
The frilled lizard closely misses you. The endoplasm freezes you.
You are frozen.
You block the frilled lizard's attack.
You slash the frilled lizard!
You kill the frilled lizard!
The endoplasm misses you.
You slash the endoplasm!
You kill the endoplasm!
A rat comes into view.
Found a stone staircase leading down.
Found Yxisil's Weapon Shoppe.
An endoplasm comes into view.
The endoplasm quivers.
You block the rat's attack. The rat barely misses you.
You closely miss the rat. Your grab misses the rat.
The rat bites you but does no damage.
You closely miss the rat. Your grab misses the rat. The rat bites you.
You closely miss the rat. Your grab misses the rat.
The rat bites you but does no damage. The rat closely misses you.
The endoplasm freezes you.
You are frozen.
You closely miss the rat. Your grab misses the rat. The rat bites you.
The endoplasm freezes you.
You are frozen.
* * * LOW HITPOINT WARNING * * *
The rat closely misses you.
You hit the endoplasm.
The endoplasm is almost dead.
The endoplasm freezes you.
You are frozen.
* * * LOW HITPOINT WARNING * * *
Okay, then.
You hit the endoplasm.
The endoplasm is almost dead.
The endoplasm freezes you.
You are frozen.
You die...

###......# ..>......##
..........###########
....................#
....................#
⌠.⌠...[.....#.......#
.∩........#.r.#.....#
⌠.⌠.........#J......#
#.######..#..@#.....#
#....#.......#
#............# #
#............# #
#...†........#
####+######............#
#......................#
#......)..†..###########
#.................


You could see an endoplasm and a rat.

Vanquished Creatures
  3 endoplasms (D:1)
  3 goblins (D:1)
  2 hobgoblins (D:1)
  A quokka (D:1)
  A ball python (D:1)
  2 bats (D:1)
  A frilled lizard (D:1)
  A kobold (D:1)
  A rat (D:1)
15 creatures vanquished.

Notes
Turn   | Place    | Note
-------+----------+-------------------------------------------
     0 | D:1      | Dorkslayer the Octopode Fighter began the quest for the
                  | Orb.
     0 | D:1      | Reached XP level 1. HP: 16/16 MP: 1/1
    54 | D:1      | Reached XP level 2. HP: 20/21 MP: 2/2
   196 | D:1      | Found Yxisil's Weapon Shoppe.
   210 | D:1      | Frozen to death by an endoplasm

Illustrated notes

Levels and vault maps discovered:
D:1:      minmay_arrival_three_doors, layout_basic, serial_shops,
          shop_fountains, hex_tiny

Action                   || total
-------------------------++-------
Melee: Long sword        ||    31
       Constrict         ||     6
       Tentacles         ||     4
Armor: Skin              ||     3
Dodge: Dodged            ||    19
Block: Buckler           ||     5

Table legend: (Time is in decaauts)
 A = Elapsed time spent in this place.
 B = Non-inter-level travel time spent in this place.
 C = Inter-level travel time spent in this place.
 D = Time resting spent in this place.
 E = Time spent auto-exploring this place.
 F = Levels seen in this place.
 G = Mean time per level.
                   A        B        C        D        E       F      G
               +--------+--------+--------+--------+--------+-----+--------+
         Total |    219 |    219 |      0 |     81 |      0 |   1 |  219.0 |
       Dungeon |    219 |    219 |      0 |     81 |      0 |   1 |  219.0 |
               +--------+--------+--------+--------+--------+-----+--------+

Top non-repeatable levels by time:
     D:1: 219 daAuts
